Map: Romanticide EC

Players

Indy

  • Race: Protoss Protoss
  • League: Master
  • Spawn Location: 11:00

Denver - Winner!

  • Race: Zerg Zerg
  • League: Grandmaster
  • Spawn Location: 5:00

Event: DreamHack SC2 Masters 2020 Winter

VOD

Have the link to the VOD?

Description

Time

  • Played on: Oct. 18, 2020, 3:10 p.m.
  • Length: 9:45

All games in this series

Show
View Real Time Build Order
Export as new Build Order

Indy Protoss 

Build Orders: 1 Gate Expand, Oracle Opening 

Get SALT Encoding   

  12  0:00  Probe  
  13  0:12  Probe  
  14  0:19  Pylon  
  14  0:24  Probe  
  15  0:37  Probe (Chrono Boost)  
  15  0:39  Gateway  
  16  0:47  Assimilator, Probe (Chrono Boost)  
  17  0:52  Probe (Chrono Boost)  
  18  1:04  Probe  
  19  1:16  Probe  
  20  1:23  Nexus  
  20  1:34  Cybernetics Core  
  20  1:36  Probe  
  21  1:45  Assimilator  
  21  1:49  Probe  
  21  1:52  Pylon  
  22  2:01  Probe  
  23  2:08  Adept (Chrono Boost)  
  23  2:13  Probe  
  26  2:17  Stargate  
  26  2:25  Probe  
  26  2:26  Warp Gate  
  27  2:31  Adept  
  27  2:35  Probe  
  30  2:37  Probe  
  31  2:48  Probe  
  31  2:49  Probe  
  33  2:57  Oracle (Chrono Boost)  
  33  3:00  Probe  
  33  3:01  Probe  
  38  3:11  Pylon  
  38  3:12  Probe  
  39  3:13  Probe  
  39  3:19  Void Ray (Chrono Boost)  
  40  3:24  Probe  
  40  3:25  Probe  
  46  3:30  Gateway  
  46  3:32  Pylon  
  46  3:36  Probe  
  46  3:37  Probe  
  48  3:44  Pylon  
  48  3:55  Probe x2  
  47  4:03  Nexus  
  47  4:06  Assimilator  
  47  4:07  Assimilator, Probe x2  
  49  4:19  Probe x2  
  51  4:27  Stargate  
  51  4:28  Stargate  
  51  4:31  Probe x2  
  53  4:34  Void Ray  
  53  4:35  Pylon  
  53  4:43  Probe x2  
  59  4:52  Zealot x2  
  63  4:55  Probe x2  
  65  5:02  Assimilator  
  65  5:07  Probe x2  
  65  5:08  Assimilator  
  65  5:12  Void Ray x2 (Chrono Boost)  
  67  5:15  Probe, Void Ray (Chrono Boost)  
  76  5:24  Probe x2  
  76  5:27  Probe  
  83  5:31  Zealot  
  81  5:36  Probe x2  
  81  5:38  Pylon  
  81  5:39  Probe  
  84  5:44  Void Ray (Chrono Boost)  
  84  5:48  Probe x2  
  84  5:49  Void Ray x2 (Chrono Boost)  
  90  5:51  Probe  
  99  6:00  Probe x2  
  101  6:05  Pylon  
  101  6:09  Probe  
  101  6:10  Twilight Council  
  101  6:14  Gateway  
  101  6:16  Pylon  
  101  6:30  Robotics Facility  
  101  6:32  Pylon  
  101  6:33  Forge, Pylon  
  101  6:36  Gateway  
  101  6:37  Probe x2  
  101  6:38  Probe  
  104  6:41  Adept  
  104  6:42  Gateway  
  104  6:43  Adept  
  108  6:49  Probe x2  
  108  6:50  Probe  
  105  7:01  Adept  
  105  7:02  Probe  
  105  7:04  Charge (Chrono Boost)  
  107  7:11  Adept, Sentry  
  107  7:12  Templar Archives  
  107  7:19  Probe x2  
  107  7:20  Probe  
  95  7:33  Probe x3  
  85  7:39  Zealot x5  
  85  7:40  Immortal (Chrono Boost)  
  88  8:05  Gateway  
  88  8:06  Gateway  
  88  8:08  Warp Prism (Chrono Boost)  
  88  8:09  Gateway  
  90  8:19  High Templar, Adept  
  94  8:20  High Templar x3  
  94  8:24  Archon x2  
  100  8:42  Zealot  
  100  8:46  Pylon x2  
  102  8:50  Pylon  
  102  8:55  High Templar x4  
  110  9:00  Archon  
  110  9:01  Archon, Zealot x2  
  110  9:02  Zealot  
  116  9:07  Zealot  
  118  9:29  Zealot x8  
Show
View Real Time Build Order
Export as new Build Order

Denver Zerg - Winner!

Build Orders: Hatch First 

Get SALT Encoding   

  12  0:00  Drone  
  13  0:13  Overlord  
  13  0:17  Drone  
  14  0:31  Drone x2  
  16  0:48  Hatchery  
  15  0:51  Drone  
  15  0:55  Drone  
  17  0:58  Drone  
  18  1:10  Extractor  
  17  1:14  Spawning Pool  
  17  1:17  Drone  
  17  1:21  Drone  
  18  1:29  Drone  
  19  1:41  Drone  
  20  1:52  Overlord  
  20  2:01  Queen x2  
  20  2:02  Zergling x4  
  26  2:11  Metabolic Boost  
  26  2:13  Drone x2  
  28  2:22  Drone x2  
  30  2:35  Hatchery  
  29  2:40  Drone x2  
  31  2:45  Overlord  
  31  2:49  Drone  
  32  2:54  Queen  
  34  3:00  Overlord  
  34  3:04  Drone  
  34  3:05  Drone  
  36  3:06  Drone  
  36  3:10  Drone  
  36  3:11  Drone  
  36  3:12  Drone  
  40  3:18  Queen  
  42  3:22  Drone  
  43  3:27  Drone, Spore Crawler  
  43  3:29  Spore Crawler  
  42  3:34  Drone  
  42  3:35  Drone  
  44  3:42  Drone x4  
  46  3:52  Drone x2  
  48  3:56  Queen  
  48  3:58  Drone x2  
  48  4:01  Overlord  
  52  4:03  Drone  
  52  4:05  Overlord  
  52  4:10  Spore Crawler  
  52  4:14  Overlord  
  51  4:19  Overlord  
  51  4:21  Drone x4  
  51  4:22  Drone  
  56  4:25  Overlord  
  56  4:29  Lair  
  56  4:37  Drone x3, Extractor  
  56  4:38  Extractor  
  57  4:39  Drone x3  
  57  4:43  Roach Warren  
  57  4:45  Drone  
  60  4:49  Zergling x8  
  64  4:53  Drone x3  
  64  4:59  Drone  
  68  5:00  Spore Crawler, Queen  
  68  5:04  Zergling x4  
  71  5:10  Zergling x10  
  71  5:11  Zergling x2  
  71  5:12  Drone  
  78  5:16  Queen  
  78  5:18  Drone x2  
  82  5:22  Overlord  
  82  5:31  Drone  
  82  5:32  Drone x7  
  89  5:35  Overlord x2  
  89  5:36  Glial Reconstitution  
  89  5:42  Overseer  
  89  5:44  Roach x3  
  89  5:46  Extractor  
  89  5:48  Drone x2  
  89  5:49  Extractor  
  95  5:53  Roach  
  97  5:57  Overlord  
  97  6:02  Roach x5  
  107  6:06  Evolution Chamber  
  107  6:07  Baneling Nest  
  107  6:09  Roach x4  
  108  6:19  Drone x3  
  108  6:20  Queen  
  108  6:25  Roach x4  
  121  6:27  Overlord  
  121  6:30  Drone  
  121  6:31  Overlord x2  
  122  6:33  Zerg Melee Weapons Level 1  
  122  6:36  Overlord  
  120  6:51  Zergling x2  
  120  6:52  Zergling x18, Roach  
  130  6:58  Hatchery  
  130  6:59  Queen  
  131  7:06  Queen  
  131  7:07  Hydralisk Den  
  130  7:18  Drone x7  
  125  7:32  Roach x7  
  126  7:38  Grooved Spines  
  126  7:40  Extractor  
  126  7:43  Hydralisk x5  
  118  7:55  Hydralisk x3  
  120  7:58  Centrifical Hooks  
  120  8:04  Hydralisk  
  120  8:05  Hydralisk x2  
  126  8:10  Spore Crawler, Hydralisk  
  126  8:11  Hydralisk x6  
  139  8:14  Spore Crawler  
  139  8:17  Roach  
  139  8:18  Roach x2  
  144  8:25  Roach  
  144  8:26  Roach x2  
  150  8:27  Overlord x2  
  150  8:29  Overlord  
  146  8:37  Overlord  
  146  8:39  Drone x6  
  150  8:43  Zergling x2  
  150  8:45  Overlord  
  150  8:47  Zergling x6  
  154  8:51  Zergling x6  
  157  8:59  Zergling x8  
  161  9:04  Baneling x2  
  161  9:07  Baneling x6  
  161  9:12  Zergling x20  
  171  9:17  Hydralisk  
  171  9:19  Baneling x12  
  171  9:20  Baneling x2  
  171  9:22  Zergling x2  
  171  9:23  Zergling x2  
Tags
 
Add a new tag
Caveats
  • Supply blocks, unpowered buildings, or Contaminate may cause inaccurate times.
  • Supply counts are checked every 10 seconds.